 Dungeon Crawl Stone Soup version 5.7-8-g3a8b389 (webtiles) character file.

114 justtesting the Unseen (level 13, -6/65 HPs) *CASUAL*
             Began as a Spriggan Berserker on Aug 18, 2018.
             Was an Elder of Trog.
             Killed by divine providence
             ... invoked by a meliai
              (14 damage)
             ... on level 12 of the Dungeon.
             The game lasted 00:52:41 (10344 turns).

justtesting the Unseen (Spriggan Berserker)        Turns: 10344, Time: 00:52:43

Health: -6/65      AC:  7 (19%)Str: 13  XL:     13   Next: 29%
Magic:  28/28      EV: 35    Int:  9    God:    Trog [4*[110]]
Gold:   144        SH:  0    Dex: 20    Spells: 19/19 levels left

rFire    . . .     SeeInvis +   k - +4 dagger (drain)
rCold    + . .     Faith    .   (shield restricted)
rNeg     . . .     Spirit   .   B - +3 troll leather armour
rPois    +         Reflect  .   j - +0 hat {MP+9}
rElec    +                      (no cloak)
rCorr    .                      (gloves unavailable)
MR       +++++                  (boots unavailable)
Stlth    ++++++++..             K - amulet of regeneration
Regen    2.0/turn               l - +3 ring of evasion
MPRegen  0.6/turn               D - ring "Mezxeda" {*Corrode rElec rPois rC+ MR+}

@: regenerating, very quick
A: unfitting armour, see invisible, speed 3
a: Berserk, Trog's Hand, Brothers in Arms, Renounce Religion


You were on level 12 of the Dungeon.
You worshipped Trog.
Trog was greatly pleased with you.
You were not hungry.

You visited 2 branches of the dungeon, and saw 13 of its levels.
You visited the bazaar 1 time.
You also visited: Sewer.

You collected 782 gold pieces.
You spent 638 gold pieces at shops.

Inventory:

Hand Weapons
 a - a +1 rapier
 c - a +2 vampiric dagger
 k - a +4 dagger of draining (weapon)
 s - a +2 dagger of flaming
 y - a +1 whip of freezing
 A - a +1 scimitar of flaming
 C - a +3 antimagic whip
 G - a +2 broad axe of devastation
Missiles
 d - 110 tomahawks (quivered)
 u - 30 poisoned tomahawks
 w - 18 frenzy darts
 J - 8 curare darts
Armour
 j - a +0 hat of magical power (worn)
 r - a +0 robe of cold resistance
 t - a +2 robe of positive energy
 B - a +3 troll leather armour (worn)
Jewellery
 f - a +3 amulet of reflection
 h - an uncursed ring of protection from magic
 l - a +3 ring of evasion (left hand)
 D - the ring "Mezxeda" (right hand) {*Corrode rElec rPois rC+ MR+}
   (You found it on level 9 of the Dungeon)

   [ring of protection from magic]

   It protects you from cold.
   It insulates you from electricity.
   It protects you from poison.
   It affects your resistance to hostile enchantments.
   It may corrode you when you take damage.
 K - an amulet of regeneration (around neck)
 L - an uncursed ring of poison resistance
Wands
 b - a wand of disintegration (5)
 g - a wand of acid (16)
 F - a wand of flame (2)
Scrolls
 i - 2 scrolls of fear
 n - 2 scrolls of fog
 o - 6 scrolls of teleportation
 x - a scroll of magic mapping
Potions
 e - 2 potions of magic
 m - 7 potions of flight
 p - 2 potions of berserk rage
 q - 5 potions of haste
 v - a potion of cancellation
 z - 3 potions of invisibility
 E - 3 potions of mutation
 H - 3 potions of heal wounds
 I - a potion of augmentation
Miscellaneous
 M - a fan of gales


   Skills:
 - Level 6.1 Fighting
 - Level 12.0 Blades
 + Level 11.2 Throwing
 + Level 14.4 Dodging
 + Level 17.2 Stealth


You had 19 spell levels left.
You didn't know any spells.
Your spell library contained the following spells:

 Spells                   Type           Power        Failure   Level  Hunger
 Magic Dart               Air            0 (25)       45%         1    N/A
 Conjure Flame            Fire/Air       0 (100)      83%         3    N/A
 Slow                     Hex            0 (100)      61%         2    N/A
 Mephitic Cloud           Hex/Air        0 (100)      99%         4    N/A
 Teleport Other           Tloc           0 (100)      83%         3    N/A
 Bolt of Draining         Necr           0 (200)      100%        5    N/A
 Blink                    Tloc           N/A          61%         2    N/A
 Pain                     Necr           0 (25)       45%         1    N/A
 Sticky Flame             Fire           0 (100)      99%         4    N/A
 Repel Missiles           Chrm/Air       0 (100)      61%         2    N/A
 Regeneration             Chrm/Necr      0 (200)      83%         3    N/A
 Sublimation of Blood     Necr           0 (200)      61%         2    N/A
 Swiftness                Chrm/Air       0 (100)      61%         2    N/A
 Passwall                 Tmut/Erth      0 (200)      61%         2    N/A
 Call Canine Familiar     Summ           0 (100)      83%         3    N/A
 Shatter                  Erth           0 (200)      100%        9    N/A
 Static Discharge         Air            0 (100)      83%         3    N/A
 Passage of Golubria      Tloc           N/A          99%         4    N/A
 Tornado                  Air            0 (200)      100%        9    N/A
 Fulminant Prism          Air            0 (200)      100%        5    N/A
 Searing Ray              Fire           0 (50)       61%         2    N/A
 Lesser Beckoning         Tloc           0 (100)      83%         3    N/A
 Ignition                 Fire           0 (200)      100%        8    N/A

Dungeon Overview and Level Annotations

Branches:
Dungeon (12/15)            Bazaar (1/1)

Altars:
Cheibriados
Dithmenos
Elyvilon
Gozag
Jiyva
Kikubaaqudgha
Lugonu
Makhleb
Nemelex Xobeh
Okawaru
Qazlal
Ru
Sif Muna
Trog
Uskayaw
Vehumet
Wu Jian
Xom
Yredelemnul
Zin
The Shining One

Shops:
Bazaar }}![!


Innate Abilities, Weirdness & Mutations

You are tiny and cannot use many weapons and most armour.
You have supernaturally acute eyesight. (SInv)
You cover ground extremely quickly.


Message History

Something smites you (15)!
* * * LOW HITPOINT WARNING * * *
The killer bee barely misses you.
A killer bee comes into view.
You hear an angry buzzing noise. x3; The killer bee buzzes angrily.
Your ogre misses the killer bee.
You hear an angry buzzing noise. x2
A killer bee comes into view.
You feel the effects of Trog's Hand fading.
The killer bee closely misses you.
You hear an angry buzzing noise.
You hear an angry buzzing noise.
The killer bee closely misses your ogre.
The meliai invokes the aid of its god against you.
Something smites you (15)!
* * * LOW HITPOINT WARNING * * *
The killer bee stings you but does no damage.
The meliai mumbles some strange prayers to its god against you.
Something smites you (14)!
You die...

#.# #....... #.#
###+####....# #.#
#.....##..y# #.#
#.....##..#.#
######.#########.....#.y###y#
....................yy..# #y#
................yy......# #y#
................y#O.....# #y#
..#.............@'..y....#
#.#
..#.##.#########.#.......# ##
..#.##[..........+.........
.##.#......#...#.#..........
.##.#......#...#.####+###..#
.............###.# #.
.................# #.####.
.##.##....##.##### ........#
# .................
...#...... >


You could see a meliai, 6 killer bees and a friendly ogre (berserk).

Vanquished Creatures
  A hydra (D:12)
  Erica (D:8)
  A two-headed ogre (D:12)
  An orc high priest (D:11)
  An unseen horror (D:11)
  Pikel (D:8)
  3 deep elf magi
  A manticore (D:11)
  Joseph (D:10)
  2 centaur skeletons
  5 spiny frogs
  A gargoyle (D:10)
  2 trolls (D:9)
  A queen bee (D:12)
  A shadow (D:10)
  A wraith (D:11)
  5 yaks (D:11)
  2 angry ghosts
  A wyvern (D:7)
  2 steam dragons (D:11)
  Menkaure (D:5)
  Edmund (D:5)
  An acid dragon (D:11)
  Duvessa (D:5)
  A spiny frog zombie (D:8)
  A water moccasin (D:9)
  2 orc warriors
  2 spiny frog skeletons
  3 ice beasts
  A wasp (D:8)
  2 black bears
  4 ogres
  A phantom (D:8)
  8 centaurs
  A rime drake skeleton (D:10)
  5 bullfrogs
  A wyvern skeleton (D:7)
  A water moccasin zombie (D:7)
  5 scorpions
  Dowan (D:5)
  2 crimson imps
  9 killer bees
  A howler monkey (D:4)
  4 centaur zombies
  A wyvern simulacrum (D:10)
  A quasit (D:5)
  2 wasp zombies (D:11)
  3 jellies
  An orc priest (D:6)
  5 hounds
  4 orc wizards
  5 worker ants
  2 killer bee zombies
  7 iguanas
  2 hound skeletons (D:5)
  Samantha (D:4)
  4 gnolls (D:2)
  12 adders
  A shadow imp (D:6)
  3 oozes
  5 dart slugs
  23 orcs
  9 quokkas
  10 bats
  9 giant cockroaches
  17 goblins
  7 hobgoblins
  16 jackals
  6 ball pythons (Sewer)
  5 frilled lizards
  11 kobolds
  33 rats
298 creatures vanquished.

Vanquished Creatures (others)
  A hound (D:7)
1 creature vanquished.

Grand Total: 299 creatures vanquished

Notes
Turn   | Place    | Note
-------+----------+-------------------------------------------
     0 | D:1      | justtesting the Spriggan Berserker began the quest for the Orb.
     0 | D:1      | Reached XP level 1. HP: 11/11 MP: 3/3
    16 | D:1      | Reached XP level 2. HP: 16/16 MP: 4/4
   203 | D:1      | Reached skill level 5 in Dodging
   203 | D:1      | Reached XP level 3. HP: 19/19 MP: 5/5
   217 | D:1      | Reached skill level 1 in Stealth
   582 | D:1      | Reached ** piety under Trog
   816 | D:2      | Reached XP level 4. HP: 22/23 MP: 7/7
   819 | D:2      | Reached skill level 2 in Stealth
   902 | D:2      | Reached skill level 3 in Stealth
   904 | D:2      | Reached XP level 5. HP: 27/27 MP: 8/8
  1003 | D:2      | Reached skill level 4 in Stealth
  1164 | D:2      | Reached skill level 5 in Blades
  1177 | D:2      | Reached XP level 6. HP: 32/32 MP: 9/9
  1227 | D:2      | Found a bloodstained altar of Trog.
  1250 | D:2      | Found an ornate altar of the Wu Jian Council.
  1429 | D:3      | Found a faded altar of an unknown god.
  1454 | D:3      | Reached skill level 5 in Stealth
  1682 | D:3      | Found a sparkling altar of Nemelex Xobeh.
  1763 | D:3      | Reached skill level 1 in Throwing
  1775 | D:3      | Found a glowing silver altar of Zin.
  1832 | D:3      | Reached skill level 6 in Stealth
  1832 | D:3      | Reached XP level 7. HP: 35/35 MP: 11/11
  1844 | D:3      | Found a shadowy altar of Dithmenos.
  1876 | D:3      | Noticed a moth of wrath
  1878 | D:3      | Found a bloodstained altar of Trog.
  1892 | D:3      | Reached *** piety under Trog
  2159 | D:4      | Found a basalt altar of Yredelemnul.
  2213 | D:4      | Found an iron altar of Okawaru.
  2231 | D:4      | Noticed Samantha
  2276 | D:4      | Killed Samantha
  2541 | D:4      | Reached skill level 7 in Stealth
  2929 | D:4      | Found a viscous altar of Jiyva.
  2985 | D:4      | Found a radiant altar of Vehumet.
  3017 | D:4      | Found a stormy altar of Qazlal.
  3038 | D:4      | Found an ancient bone altar of Kikubaaqudgha.
  3201 | D:4      | Reached XP level 8. HP: 39/39 MP: 12/12
  3675 | D:5      | Entered Level 5 of the Dungeon
  3685 | D:5      | Found a sacrificial altar of Ru.
  3685 | D:5      | Noticed Duvessa
  3685 | D:5      | Noticed Dowan
  3717 | D:5      | Reached skill level 8 in Stealth
  3726 | D:5      | Found a glowing drain.
  3815 | Sewer    | Entered a sewer
  3823 | Sewer    | Reached **** piety under Trog
  3954 | Sewer    | Reached skill level 9 in Stealth
  4321 | D:5      | Reached ***** piety under Trog
  4321 | D:5      | Reached XP level 9. HP: 38/43 MP: 13/13
  4325 | D:5      | Found an opulent altar of Gozag.
  4552 | D:5      | Reached skill level 10 in Dodging
  4707 | D:5      | Found a glowing golden altar of the Shining One.
  4832 | D:5      | Noticed Menkaure
  4835 | D:5      | Killed Menkaure
  4835 | D:5      | Reached skill level 10 in Stealth
  4851 | D:5      | Found a snail-covered altar of Cheibriados.
  4851 | D:5      | Noticed Edmund
  4853 | D:5      | Killed Edmund
  4853 | D:5      | Reached skill level 5 in Throwing
  4994 | D:5      | Killed Dowan
  5002 | D:5      | Killed Duvessa
  5048 | D:6      | Found a burning altar of Makhleb.
  5095 | D:6      | Noticed a spiny frog
  5099 | D:6      | Found a hide-covered altar of Uskayaw.
  5140 | D:6      | Killed a spiny frog
  5140 | D:6      | Reached skill level 11 in Stealth
  5347 | D:6      | Reached XP level 10. HP: 47/47 MP: 15/15
  5360 | D:6      | Noticed a hand axe
  5361 | D:6      | Noticed a hand axe
  5471 | D:6      | Found a white marble altar of Elyvilon.
  5480 | D:6      | Received a gift from Trog
  5489 | D:6      | Found a deep blue altar of Sif Muna.
  5756 | D:6      | Found a shimmering altar of Xom.
  5912 | D:7      | Noticed a deep elf mage
  5963 | D:7      | Killed a deep elf mage
  5963 | D:7      | Reached skill level 12 in Stealth
  5996 | D:7      | Found a corrupted altar of Lugonu.
  6685 | D:8      | Noticed Erica
  6685 | D:8      | Noticed Pikel
  6735 | D:8      | Reached skill level 10 in Blades
  6772 | D:8      | Reached skill level 13 in Stealth
  6838 | D:8      | Reached XP level 11. HP: 50/51 MP: 16/16
  6871 | D:8      | Received a gift from Trog
  7465 | D:8      | Killed Pikel
  7491 | D:8      | Killed Erica
  7527 | D:9      | Reached skill level 14 in Stealth
  7736 | D:9      | Got the Incunabulum of Blistering Necromancy
  7774 | D:9      | Received a gift from Trog
  8088 | D:9      | Reached skill level 5 in Fighting
  8103 | D:9      | Got the ring "Mezxeda" {*Corrode rElec rPois rC+ MR+}
  8206 | D:10     | Entered Level 10 of the Dungeon
  8329 | D:10     | Reached XP level 12. HP: 60/60 MP: 18/18
  8429 | D:10     | Reached skill level 15 in Stealth
  8477 | D:10     | Noticed Joseph
  8479 | D:10     | Killed Joseph
  8827 | D:11     | Noticed an orc high priest
  8959 | D:11     | Found a gateway to a bazaar.
  9062 | Bazaar   | Entered a bazaar
  9071 | Bazaar   | Found Hela Pass's Distillery.
  9073 | Bazaar   | Found Timpaluro's Gadget Shoppe.
  9073 | Bazaar   | Found Ifriyross's Gadget Emporium.
  9110 | Bazaar   | Found Puohoucw's Distillery.
  9166 | Bazaar   | Bought 2 potions of heal wounds for 180 gold pieces
  9201 | Bazaar   | Bought a potion of haste for 160 gold pieces
  9201 | Bazaar   | Bought a potion of mutation for 128 gold pieces
  9234 | Bazaar   | Bought a potion of heal wounds for 90 gold pieces
  9262 | Bazaar   | Bought a potion of augmentation for 80 gold pieces
  9430 | D:11     | Reached skill level 10 in Throwing
  9827 | D:11     | Killed an orc high priest
  9827 | D:11     | Reached skill level 16 in Stealth
 10191 | D:12     | Reached XP level 13. HP: 65/65 MP: 19/19
 10243 | D:12     | Reached skill level 17 in Stealth
 10344 | D:12     | Killed from afar by a meliai

Skill      XL: |  1  2  3  4  5  6  7  8  9 10 11 12 13 |
---------------+----------------------------------------+-----
Dodging        | 5 6 7 8 9 11 12 13 14 | 14.4
Stealth        | 1 3 4 6 7 9 11 13 14 16 17 | 17.2
Blades         | 4 5 6 7 8 10 11 12 | 12.0
Throwing       | 1 2 4 6 7 9 10 11 | 11.2
Fighting       | 5 6 |  6.1

Action                   |  1- 3 |  4- 6 |  7- 9 | 10-12 | 13-15 || total
-------------------------+-------+-------+-------+-------+-------++-------
Melee: Dagger            |    63 |   209 |   353 |   702 |    34 ||  1361
       Rapier            |       |       |    40 |       |       ||    40
       Scimitar          |       |       |       |       |    12 ||    12
Throw: Tomahawk          |       |       |    34 |    67 |     7 ||   108
Invok: Berserk           |       |     3 |     6 |     1 |     1 ||    11
       Trog's Hand       |       |     1 |       |       |     1 ||     2
       Brothers in Arms  |       |       |       |     1 |     1 ||     2
  Use: Potion            |       |       |     1 |       |       ||     1
       Scroll            |       |       |       |     7 |       ||     7
 Stab: Sleeping          |     7 |    10 |    21 |    38 |     1 ||    77
       Distracted        |       |       |     2 |     1 |       ||     3
Armor: Animal skin       |     5 |     2 |    11 |       |       ||    18
       Robe              |       |       |     1 |     5 |       ||     6
       Troll leather arm |       |       |       |    13 |     4 ||    17
Dodge: Dodged            |    36 |   144 |   276 |   398 |    41 ||   895
Block: Other             |     5 |    16 |    28 |    33 |       ||    82
